 Dungeon Crawl Stone Soup version 0.24-a0-342-gad4687c (webtiles) character file.

Game seed: 13989201192084019040

1740 tatocazan the Ruffian (level 8, -6/79 HPs)
             Began as a Troll Hunter on May 21, 2019.
             Mangled by a vampire (14 damage)
             ... on level 8 of the Dungeon on May 22, 2019.
             The game lasted 00:07:52 (5375 turns).

tatocazan the Ruffian (Troll Hunter)                Turns: 5375, Time: 00:07:53

Health: -6/79      AC:  7    Str: 21    XL:     8   Next: 77%
Magic:  7/7        EV: 11    Int:  5    God:
Gold:   405        SH:  0    Dex: 12    Spells: 7/7 levels left

rFire    . . .     SeeInvis .     - Unarmed
rCold    . . .     Gourm    +   (no shield)
rNeg     . . .     Faith    .   b - +0 robe
rPois    .         Spirit   .   (helmet restricted)
rElec    .         Reflect  .   (no cloak)
rCorr    .         Harm     .   (gloves unavailable)
MR       .....                  (boots unavailable)
Stlth    ++........             x - amulet of magic regeneration
HPRegen  0.63/turn              v - ring of stealth
MPRegen  0.35/turn              (no ring)

@: no status effects
A: large, unfitting armour, claws 3, dopey 1, fast metabolism 3, gourmand,
regeneration 1, shaggy fur 2, tough skin 3
a: no special abilities


You were on level 8 of the Dungeon.
You were full.

You visited 1 branch of the dungeon, and saw 7 of its levels.

You collected 405 gold pieces.

Inventory:

Hand Weapons
 a - a +0 short sword
Missiles
 c - 5 large rocks (quivered)
 d - 2 throwing nets
Armour
 b - a +0 robe (worn)
Jewellery
 v - a ring of stealth (left claw)
 w - a +2 ring of intelligence
 x - an amulet of magic regeneration (around neck)
Wands
 s - a wand of paralysis (7)
 t - a wand of polymorph (7)
 u - a wand of scattershot (7)
Scrolls
 e - 2 scrolls of teleportation {unknown}
 i - 3 scrolls of identify {unknown}
 k - a scroll of enchant armour {unknown}
 l - a scroll of blinking {unknown}
 o - 3 scrolls of remove curse {unknown}
 q - 2 scrolls of random uselessness {unknown}
 y - a scroll of immolation {unknown}
Potions
 g - 3 potions of curing
 h - a potion of flight {unknown}
 j - 2 potions of mutation
 m - a potion of might {unknown}
 n - a potion of degeneration {unknown}
 p - a potion of lignification {unknown}
 r - a potion of heal wounds {unknown}
 z - a potion of agility
Comestibles
 f - 9 rations


   Skills:
 + Level 4.4 Fighting
 + Level 5.8 Throwing
 + Level 4.4 Dodging
 - Level 0.4 Stealth
 * Level 7.0 Unarmed Combat


You had 7 spell levels left.
You didn't know any spells.
Your spell library was empty.

Dungeon Overview and Level Annotations

Branches:
Dungeon (8/15)
 Temple: D:4-7         Lair: D:8-11

Altars:
Ashenzari
Dithmenos
Kikubaaqudgha
Ru
Sif Muna

Shops:
D:6 [


Innate Abilities, Weirdness & Mutations

You are too large for most types of armour.
You have claws for hands.
Your metabolism is lightning-fast.
You like to eat raw meat.
Your natural rate of healing is unusually fast.
You are covered in thick fur. (AC +2)
You have extremely tough skin. (AC +3)
You are dopey. (Int -2)


Message History

You closely miss something. Something hits you!
* * * LOW HITPOINT WARNING * * *
Something bites you but does no damage.
You take 10 damage, and have 10/79 hp.
You bump into the rock wall.
Something hits you but does no damage. Something bites you!
* * * LOW HITPOINT WARNING * * *
Something draws strength from your injuries!
You take 7 damage, and have 3/79 hp.
It was a potion of mutation.
You feel extremely strange.
You feel stupid.
Your fur grows into a thick mane.
You feel less confused. Something completely misses you. Something bites you.
* * * LOW HITPOINT WARNING * * *
Something draws strength from your injuries!
You take 1 damage, and have 2/79 hp.
It was a potion of curing.
You feel better. Something hits you.
* * * LOW HITPOINT WARNING * * *
Something bites you!
You die...

### ..# #.# #.#
#.# #.# #@#
#############.##
#..............#
#.#.##############
#.#.# #.#.# ##.#.#
.#.#.#
.#.#.#######


There were no monsters in sight!

Vanquished Creatures
  Sigmund (D:6)
  An ice beast (D:6)
  2 ogres (D:7)
  2 centaurs (D:6)
  A big kobold (D:7)
  2 gnoll sergeants
  3 bullfrogs
  A scorpion (D:3)
  4 wights (D:6)
  3 crimson imps
  A hound (D:6)
  2 centaur skeletons
  A gnoll shaman (D:7)
  2 orc wizards
  A worker ant (D:6)
  A hound skeleton (D:7)
  12 gnolls
  5 adders
  An ooze (D:7)
  4 worms
  A dart slug (D:3)
  4 leopard geckos
  19 orcs
  5 bats
  A giant cockroach (D:2)
  6 goblins
  11 hobgoblins
  4 jackals (D:2)
  2 quokkas
  2 ball pythons
  3 frilled lizards
  6 kobolds
  A quokka skeleton (D:6)
  A quokka zombie (D:6)
  4 rats
120 creatures vanquished.

Notes
Turn   | Place    | Note
-------+----------+-------------------------------------------
     0 | D:1      | tatocazan the Troll Hunter began the quest for the Orb.
     0 | D:1      | Reached XP level 1. HP: 19/19 MP: 0/0
   246 | D:1      | Reached XP level 2. HP: 28/28 MP: 1/1
   527 | D:1      | Reached skill level 1 in Unarmed Combat
   839 | D:2      | Found a shattered altar of Ashenzari.
  1104 | D:2      | Reached XP level 3. HP: 22/35 MP: 2/2
  1253 | D:2      | Found a deep blue altar of Sif Muna.
  1338 | D:2      | Found a sacrificial altar of Ru.
  1651 | D:3      | Reached skill level 2 in Unarmed Combat
  1687 | D:3      | Reached XP level 4. HP: 29/42 MP: 3/3
  2005 | D:3      | Reached XP level 5. HP: 44/50 MP: 4/4
  2081 | D:3      | Reached skill level 3 in Unarmed Combat
  2527 | D:6      | Reached XP level 6. HP: 52/59 MP: 5/5
  2541 | D:6      | Reached skill level 4 in Unarmed Combat
  2797 | D:6      | Found Ycwoukio's Armour Shoppe.
  2802 | D:6      | Reached XP level 7. HP: 51/67 MP: 6/6
  3022 | D:6      | Noticed Sigmund
  3033 | D:6      | Killed Sigmund
  3033 | D:6      | Reached skill level 5 in Unarmed Combat
  3216 | D:6      | Reached skill level 5 in Throwing
  3376 | D:6      | Reached XP level 8. HP: 78/78 MP: 7/7
  3425 | D:6      | Paralysed by a centaur for 7 turns
  3801 | D:7      | Reached skill level 6 in Unarmed Combat
  3973 | D:7      | Found a shadowy altar of Dithmenos.
  4394 | D:7      | Found an ancient bone altar of Kikubaaqudgha.
  4697 | D:7      | Reached skill level 7 in Unarmed Combat
  5373 | D:8      | HP: 3/79 [something (7)]
  5374 | D:8      | Gained mutation: You are dopey. (Int -2) [potion of
                  | mutation]
  5374 | D:8      | Gained mutation: You are covered in thick fur. (AC +2)
                  | [potion of mutation]
  5375 | D:8      | Mangled by a vampire

Levels and vault maps discovered:
D:1:      minmay_arrival_four_houses, layout_basic, minivault_27
D:2:      wander_river, layout_loops_ring, lemuel_coloured_pillars_altar,
          nicolae_ru_the_path_less_chosen, ashenzari_conservatory_becter
D:3:      layout_rooms, minmay_misc_feat_nine_boxes, grunt_ministairs_5,
          serial_park_tiny_1
D:4:      layout_rooms, fedhas_altar_2, kennysheep_mini_moat,
          minmay_temple_entry_statues_pillars, serial_shops, shop,
          cheibrodos_sewer_entry_drain
D:6:      layout_basic, serial_shops, shop, minmay_curled_crystal, minivault_22,
          serial_bayou_lagoon_a, uniq_sigmund
D:7:      layout_layer_cave, marbit_many_paths, nicolae_dithmenos_shadow_blocks
D:8:      layout_basic, grunt_temple_overflow_order_and_chaos_2

Skill      XL: |  1  2  3  4  5  6  7  8 |
---------------+-------------------------+-----
Unarmed Combat | 1 2 3 4 5 7 |  7.0
Fighting       | 2 3 4 |  4.4
Dodging        | 2 3 4 |  4.4
Throwing       | 4 5 |  5.8
Stealth        | |  0.4

Action                   |  1- 3 |  4- 6 |  7- 9 || total
-------------------------+-------+-------+-------++-------
Melee: Unarmed           |   110 |   166 |   175 ||   451
       Punch             |     2 |     1 |     6 ||     9
  Use: Potion            |       |       |     2 ||     2
 Stab: Sleeping          |     4 |     2 |     1 ||     7
  Eat: Chunk             |    21 |     9 |    22 ||    52
Armor: Robe              |    69 |    38 |    40 ||   147
Dodge: Dodged            |    99 |    51 |    87 ||   237

Table legend:
 A = Non-vault XP
 B = Vault XP
 C = Vault XP percentage of total XP
 D = Non-vault monster count
 E = Vault monster count
 F = Vault count percentage of total count
                 A         B        C        D         E       F
            +---------+---------+-------+---------+---------+-------
      Total |    2164 |     322 |  13.0 |     116 |       4 |   3.3
            +---------+---------+-------+---------+---------+-------
        D:1 |      23 |       0 |   0.0 |      15 |       0 |   0.0
        D:2 |      57 |       0 |   0.0 |      16 |       0 |   0.0
        D:3 |     199 |       4 |   2.0 |      30 |       2 |   6.2
        D:6 |    1041 |     223 |  17.6 |      22 |       1 |   4.3
        D:7 |     842 |      95 |  10.1 |      32 |       1 |   3.0
        D:8 |       2 |       0 |   0.0 |       1 |       0 |   0.0
            +---------+---------+-------+---------+---------+-------
